 Dungeon Crawl Stone Soup version 0.29.1-15-g9cfb28693d (webtiles) character file.

Game seed: 16032674594733067977

39356 javelincjr the Thaumaturge (level 13, -18/96 HPs)
             Began as a Demonspawn Hedge Wizard on Mar 29, 2023.
             Was an Elder of Sif Muna.
             Demolished by a shadow wraith (20 damage)
             ... on level 3 of the Abyss.
             The game lasted 02:48:58 (22665 turns).

javelincjr the Thaumaturge (DsHW)                  Turns: 22665, Time: 02:48:59

Health: -18/96     AC: 13    Str: 18    XL:     13   Next: 68%
Magic:  2/25       EV: 14    Int: 25    God:    Sif Muna [****..]
Gold:   2982       SH:  0    Dex: 13    Spells: 3/28 levels left

rFire   . . .      SeeInvis .   Z - +4 dagger (vamp)
rCold   . . .      Faith    .   (no shield)
rNeg    . . .      Spirit   .   c - +0 troll leather armour
rPois   .          Reflect  .   R - +2 helmet
rElec   .          Harm     .   g - +0 cloak
rCorr   .          Rampage  .   (gloves unavailable)
Will    .....                   Q - +2 pair of boots
Stlth   ++........              n - amulet of regeneration
HPRegen 1.86/turn               l - +6 ring of intelligence
MPRegen 0.19/turn               o - +6 ring of strength

@: slowed, silenced, very slow
A: powered by death 1, demonic magic 2, demonic touch 3
a: Renounce Religion


You were on level 3 of the Abyss.
You worshipped Sif Muna.
Sif Muna was greatly pleased with you.
You visited 2 branches of the dungeon, and saw 16 of its levels.
You visited the Abyss 1 time.
You also visited: Sewer and Bailey.

You collected 2982 gold pieces.

Inventory:

Hand Weapons
 F - a +2 dire flail of draining
 O - a +5 shortbow of electrocution
 Z - a +4 vampiric dagger (weapon)
Missiles
 e - 2 throwing nets
 z - 8 silver javelins
Armour
 c - a +0 troll leather armour (worn)
 g - a +0 cloak (worn)
 t - +0 swamp dragon scales
 Q - a +2 pair of boots (worn)
 R - a +2 helmet (worn)
 S - a scarf of shadows
Magical Staves
 m - a staff of death
Jewellery
 l - a +6 ring of intelligence (left hand)
 n - an amulet of regeneration (around neck)
 o - a +6 ring of strength (right hand)
 w - a ring of flight
 L - a ring of see invisible
Wands
 y - a wand of polymorph (4)
 A - a wand of flame (20)
 G - a wand of roots (37)
 Y - a wand of digging (21)
Scrolls
 a - 2 scrolls of amnesia
 h - a scroll of poison
 i - 3 scrolls of butterflies
 p - 2 scrolls of blinking
 r - 5 scrolls of teleportation
 C - 2 scrolls of silence
 I - 4 scrolls of magic mapping
 K - a scroll of summoning
 N - 2 scrolls of fear
Potions
 b - 2 potions of haste {unknown}
 d - 2 potions of berserk rage {unknown}
 f - 10 potions of curing
 k - a potion of resistance
 s - 8 potions of brilliance
 u - a potion of attraction {unknown}
 v - 5 potions of lignification
 B - a potion of ambrosia {unknown}
 H - a potion of heal wounds
 M - 2 potions of invisibility {unknown}
 U - a potion of experience
 V - 3 potions of flight {unknown}
 W - 2 potions of cancellation {unknown}
 X - 5 potions of might {unknown}
Miscellaneous
 q - a box of beasts (inert)
 x - a phantom mirror (inert)
 D - a tin of tremorstones (2/2)
 E - a piece from Xom's chessboard (15/15)


   Skills:
 + Level 7.5 Fighting
 + Level 4.5 Short Blades
 + Level 7.1 Armour
 + Level 7.4 Dodging
 - Level 2.1 Stealth
 - Level 5.2 Shields
 * Level 8.4 Spellcasting
 + Level 7.9 Conjurations
 + Level 1.0 Hexes
 + Level 7.9 Summonings
 + Level 3.7 Necromancy
 + Level 7.3 Translocations
 + Level 1.1 Fire Magic
 + Level 3.2 Air Magic
 + Level 3.1 Earth Magic
 + Level 3.2 Poison Magic
 + Level 6.7 Invocations


You had 3 spell levels left.
You knew the following spells:

 Your Spells              Type           Power      Damage    Failure   Level
a - Magic Dart            Conj           100%       1d8       1%          1
b - Call Imp              Summ           50%        N/A       1%          2
c - Blink                 Tloc           94%        N/A       1%          2
d - Mephitic Cloud        Conj/Pois/Air  34%        N/A       2%          3
e - Stone Arrow           Conj/Erth      76%        3d11      1%          3
f - Manifold Assault      Tloc           47%        N/A       9%          5
g - Vampiric Draining     Necr           29%        2d8       4%          3
h - Tukima's Dance        Hex            15%        N/A       13%         3
i - Inner Flame           Hex/Fire       15%        N/A       13%         3

Your spell library contained the following spells:

 Spells                   Type           Power      Damage    Failure   Level
 Necrotise                Necr           100%       1d9       1%          1
 Sandblast                Erth           52%        2d12      1%          1
 Shock                    Conj/Air       100%       1d9       1%          1
 Conjure Flame            Conj/Fire      33%        6-21      3%          3
 Slow                     Hex            60%        N/A       4%          1
 Passwall                 Tmut/Erth      15%        N/A       5%          2
 Swiftness                Air            26%        N/A       5%          3
 Ignite Poison            Fire/Tmut/Pois 17%        N/A       11%         3
 Confusing Touch          Hex            15%        N/A       13%         3
 Passage of Golubria      Tloc           47%        N/A       3%          4
 Dispel Undead            Necr           29%        3d13      14%         4
 Corpse Rot               Necr/Pois/Air  27%        N/A       16%         4
 Airstrike                Air            13%        2d(2-18)  17%         4
 Anguish                  Hex/Necr       11%        N/A       26%         4
 Freezing Cloud           Conj/Ice/Air   14%        6-21      36%         5
 Agony                    Necr           29%        N/A       38%         5
 Cause Fear               Hex            7%         N/A       41%         4
 Yara's Violent Unravell  Hex/Tmut       6%         3d5       83%         5
 Death Channel            Necr           14%        N/A       92%         6
 Enfeeble                 Hex            7%         N/A       100%        7
 Storm Form               Tmut/Air       9%         N/A       100%        7
 Discord                  Hex            7%         N/A       100%        8


Dungeon Overview and Level Annotations

Branches:
Dungeon (15/15)            Temple (1/1) D:5            Lair (0/5) D:10
    Orc (0/2) D:9          Vaults (0/5) D:13          Sewer (visited)
 Bailey (visited)
 Depths: D:15

Altars:
Ashenzari
Cheibriados
Dithmenos
Fedhas
Gozag
Hepliaklqana
Kikubaaqudgha
Makhleb
Nemelex Xobeh
Okawaru
Qazlal
Ru
Sif Muna
Trog
Uskayaw
Vehumet
Wu Jian
Xom
Yredelemnul

Shops:
D:3 [   D:5 (   D:9 *

Annotations:
D:8 Gastronok


Innate Abilities, Weirdness & Mutations

You regenerate a little health from kills.
Spells you cast may paralyse nearby enemies.
Your touch may irresistibly damage your foes and sap their willpower.


Message History

The ettin barely misses you. The ettin misses you. Something hits you!!
Something drains your vigour!
You feel yourself slow down.
You barely miss the ettin.
You touch the ettin!
You sap its willpower!
The ettin is severely wounded.
Your ettin hits something with a +0 giant spiked club of distortion!!
The ettin hits you with a +0 giant club of distortion!!!
* * * LOW HITPOINT WARNING * * *
Space warps horribly around you!
* * * LOW HITPOINT WARNING * * *
The ettin completely misses you. Something hits your ettin.
Your ettin dies!
Your ettin's corpse shimmers and vanishes!
You feel much better.
The ettin hits you with a +0 giant club of distortion!
* * * LOW HITPOINT WARNING * * *
Space warps around you.
* * * LOW HITPOINT WARNING * * *
The ettin closely misses you. The silent spectre grins at you slowly.
The ettin hits your larval oxweird beast but does no damage.
Space warps around your larval oxweird beast.
The ettin hits your larval oxweird beast with a +0 giant spiked club of chaos!
Your larval oxweird beast dies!
Your larval oxweird beast's corpse disappears in a puff of smoke!
Something hits you.
* * * LOW HITPOINT WARNING * * *
Something closely misses you.
You hit the ettin.
You feel better.
The ettin is almost dead.
The ettin misses you. The ettin barely misses you. Something hits you!
* * * LOW HITPOINT WARNING * * *
Something drains your vigour!
You feel as though you will be slow longer.
You feel much better. The ettin misses you.
The ettin hits you with a +0 giant spiked club of chaos!!
* * * LOW HITPOINT WARNING * * *
You are electrocuted!
* * * LOW HITPOINT WARNING * * *
Something hits you!!
You die...

## .# .# #
.##. #.# #Wφ
##.#
#C##.@##
###C##
#.#.##.⌠....
#~#.#
~~..... # ##
~.#.... ⌠⌠
...#..# ..
#..#..# .##
... .# ...
..#.


You could see an ettin (extremely poisoned, weak-willed).

Vanquished Creatures
  A vault guard (D:13)
  2 hydras
  4 boulder beetles
  An ogre mage (D:10)
  6 centaur warriors
  4 two-headed ogres
  An orc high priest (Bailey)
  Nergalle (D:12)
  Pikel (D:3)
  2 orc knights (Bailey)
  2 deep elf pyromancers (D:12)
  2 wolf spiders (D:10)
  16 ugly things
  3 cyclopes (D:10)
  5 gargoyles
  Maggie (D:8)
  2 kobold demonologists
  2 unseen horrors
  2 efreet (D:15)
  A freezing wraith (D:15)
  3 trolls
  A meliai (D:10)
  A hornet (D:10)
  Prince Ribbit (D:6)
  4 slime creatures
  2 shadows
  Eustachio (D:4)
  4 yaks (D:10)
  2 wraiths
  9 vampire mosquitoes
  Grum (D:8)
  A basilisk (D:12)
  A redback (shapeshifter) (D:10)
  Edmund (D:4)
  Menkaure (D:6)
  2 acid dragons (D:13)
  A water moccasin (D:9)
  Duvessa (D:4)
  4 ice beasts
  14 orc warriors
  An ogre (D:5)
  2 wolves (D:8)
  A tengu (shapeshifter) (D:10)
  2 lemures (D:3)
  22 centaurs
  3 kobold brigands
  3 gnoll sergeants
  A necrophage (D:5)
  A scorpion (D:6)
  3 bullfrogs
  Dowan (D:4)
  4 killer bees (D:9)
  5 howler monkeys
  3 electric eels (Bailey)
  4 hounds
  4 orc priests
  A gnoll bouda (D:7)
  Ijyb (D:3)
  4 iguanas
  8 orc wizards
  Robin (D:3)
  15 gnolls
  15 adders
  2 ufetubi
  3 worms
  A dart slug (D:1)
  27 orcs
  12 ball pythons
  13 endoplasms
  14 giant cockroaches
  13 goblins
  13 hobgoblins
  2 jackals (D:2)
  14 quokkas
  8 bats
  5 frilled lizards
  11 kobolds
  5 rats
362 creatures vanquished.

Vanquished Creatures (collateral kills)
  An ettin (Abyss:3)
  A two-headed ogre (D:9)
  A troll (D:10)
  An orc warrior (Bailey)
  A wolf (D:8)
  A lemure (D:3)
  2 kobold brigands (D:10)
  A necrophage (D:7)
  A scorpion (D:4)
  2 hounds (D:5)
  An iguana (D:5)
  An orc wizard (D:8)
  3 gnolls (D:3)
  2 adders
  A shadow imp (D:8)
  A worm (D:4)
  6 goblins
  A frilled lizard (Sewer)
28 creatures vanquished.

Vanquished Creatures (others)
  A dancing weapon (D:15)
  A shadow (D:10)
  3 fungi
  23 plants
  4 withered plants (D:3)
32 creatures vanquished.

Grand Total: 422 creatures vanquished

Notes
Turn   | Place    | Note
-------+----------+-------------------------------------------
     0 | D:1      | javelincjr the Demonspawn Hedge Wizard began the quest for
                  | the Orb.
     0 | D:1      | Reached XP level 1. HP: 13/13 MP: 4/4
    62 | D:1      | Reached skill level 1 in Translocations
   229 | D:1      | Gained mutation: Spells you cast may paralyse adjacent
                  | enemies. [demonic ancestry]
   229 | D:1      | Reached XP level 2. HP: 16/19 MP: 0/6
  1379 | D:2      | Reached XP level 3. HP: 24/24 MP: 2/7
  1571 | D:2      | Gained mutation: Your touch may inflict minor irresistible
                  | damage on your foes. [demonic ancestry]
  1571 | D:2      | Reached XP level 4. HP: 31/31 MP: 0/8
  1892 | D:2      | Learned a level 2 spell: Call Imp
  1895 | D:2      | Learned a level 2 spell: Blink
  2095 | D:2      | Found a faded altar of an unknown god.
  2470 | D:3      | Reached skill level 1 in Fighting
  2684 | D:3      | Reached skill level 1 in Armour
  2795 | D:3      | Noticed Robin
  2807 | D:3      | Gained mutation: Your touch may inflict irresistible damage
                  | on your foes. [demonic ancestry]
  2807 | D:3      | Reached XP level 5. HP: 34/37 MP: 5/10
  2828 | D:3      | Killed Robin
  2979 | D:3      | Found an ancient bone altar of Kikubaaqudgha.
  3047 | D:3      | Found Cumuussi's Armour Emporium.
  3066 | D:3      | Noticed Ijyb
  3109 | D:3      | Killed Ijyb
  3110 | D:3      | Reached skill level 1 in Shields
  3110 | D:3      | Found an opulent altar of Gozag.
  3657 | D:4      | Noticed Eustachio
  3693 | D:4      | Found a glowing drain.
  3715 | D:4      | Reached XP level 6. HP: 43/43 MP: 2/11
  3717 | Sewer    | Entered a sewer
  4817 | D:4      | Gained mutation: Spells you cast may paralyse nearby
                  | enemies. [demonic ancestry]
  4817 | D:4      | Reached XP level 7. HP: 50/50 MP: 9/12
  5078 | D:4      | Noticed Duvessa
  5078 | D:4      | Noticed Dowan
  5084 | D:4      | Killed Dowan
  5085 | D:4      | Reached skill level 4 in Spellcasting
  5108 | D:4      | Killed Duvessa
  5252 | D:4      | Noticed Edmund
  5275 | D:4      | Killed Edmund
  5416 | D:4      | Noticed Pikel
  5475 | D:3      | Killed Pikel
  5476 | D:3      | Reached XP level 8. HP: 38/58 MP: 9/14
  5639 | D:4      | Killed Eustachio
  5801 | D:5      | Entered Level 5 of the Dungeon
  5968 | D:5      | Found Otyop's Antique Weapon Emporium.
  6156 | D:5      | Found a broken altar of Ashenzari.
  6165 | D:5      | Learned a level 3 spell: Mephitic Cloud
  6165 | D:5      | Saw a vision of the Shoals and the Snake Pit.
  6165 | D:5      | Noticed an anaconda
  6165 | D:5      | Noticed a naga ritualist
  6165 | D:5      | Noticed a black mamba
  6165 | D:5      | Noticed a naga sharpshooter
  6165 | D:5      | Noticed a snapping turtle
  6165 | D:5      | Noticed a sea snake
  6165 | D:5      | Noticed a merfolk
  6165 | D:5      | Noticed a merfolk siren
  6165 | D:5      | Noticed a cyclops
  6165 | D:5      | Noticed a snapping turtle
  6165 | D:5      | Noticed a snapping turtle
  6165 | D:5      | Noticed a naga sharpshooter
  6166 | D:5      | Noticed a black mamba
  6167 | D:5      | Noticed a snapping turtle
  6191 | D:5      | Found a staircase to the Ecumenical Temple.
  6196 | Temple   | Entered the Ecumenical Temple
  6201 | Temple   | Became a worshipper of Sif Muna the Loreminder
  6738 | D:5      | Reached XP level 9. HP: 61/65 MP: 12/16
  6852 | D:5      | Found a hide-covered altar of Uskayaw.
  7178 | D:6      | Found a shadowy altar of Dithmenos.
  7196 | D:6      | Noticed Menkaure
  7203 | D:6      | Killed Menkaure
  7204 | D:6      | Reached skill level 5 in Spellcasting
  8357 | D:7      | Noticed Prince Ribbit
  8412 | D:6      | Killed Prince Ribbit
  8679 | D:7      | Found a flagged portal.
  8688 | Bailey   | Entered a bailey
  8862 | Bailey   | Reached skill level 5 in Conjurations
  9014 | Bailey   | Acquired 967 gold pieces
  9064 | Bailey   | Reached skill level 5 in Summonings
  9151 | Bailey   | Reached * piety under Sif Muna
  9279 | Bailey   | Noticed an orc knight
  9304 | Bailey   | Gained mutation: Your touch may irresistibly damage your
                  | foes and sap their willpower. [demonic ancestry]
  9304 | Bailey   | Reached XP level 10. HP: 49/73 MP: 4/18
  9313 | Bailey   | Killed an orc knight
  9314 | Bailey   | Reached skill level 5 in Dodging
  9757 | Bailey   | Found an iron altar of Okawaru.
  9757 | Bailey   | Noticed an orc high priest
  9757 | Bailey   | Noticed an orc knight
  9759 | Bailey   | Noticed a sixfirhy
  9772 | Bailey   | Noticed a smoke demon
  9772 | Bailey   | Noticed a soul eater
  9790 | Bailey   | Killed an orc high priest
  9791 | Bailey   | Reached skill level 5 in Fighting
  9791 | Bailey   | Reached skill level 5 in Translocations
  9797 | Bailey   | Killed an orc knight
  9818 | Bailey   | Reached skill level 6 in Spellcasting
  9992 | Bailey   | Identified the +1 war axe "Fiuch" {drain, rPois}
 10097 | D:7      | Reached skill level 5 in Armour
 10936 | D:8      | Noticed Grum
 10987 | D:8      | Killed Grum
 10988 | D:8      | Reached skill level 5 in Shields
 10992 | D:8      | Reached ** piety under Sif Muna
 11156 | D:8      | Noticed Maggie
 11172 | D:8      | Killed Maggie
 11253 | D:8      | Learned a level 3 spell: Stone Arrow
 11267 | D:8      | Noticed Gastronok
 11377 | D:8      | Learned a level 5 spell: Manifold Assault
 11606 | D:8      | Noticed a sixfirhy
 11808 | D:9      | Reached skill level 1 in Invocations
 11943 | D:9      | Found a transporter.
 11984 | D:9      | Found a transporter.
 12024 | D:9      | Found a transporter.
 12029 | D:9      | Found a transporter.
 12054 | D:9      | Gained mutation: You regenerate a little health from kills.
                  | [demonic ancestry]
 12054 | D:9      | Reached XP level 11. HP: 80/80 MP: 10/20
 12233 | D:9      | Found a staircase to the Orcish Mines.
 12553 | D:9      | Found Zin's Purification Station.
 12650 | D:9      | Noticed a two-headed ogre
 12679 | D:9      | Killed a two-headed ogre
 13350 | D:10     | Entered Level 10 of the Dungeon
 13389 | D:10     | Reached skill level 1 in Short Blades
 13515 | D:10     | Found a staircase to the Lair.
 13776 | D:10     | Found a snail-covered altar of Cheibriados.
 13807 | D:10     | Noticed a two-headed ogre
 13816 | D:10     | Killed a two-headed ogre
 13980 | D:10     | Paralysed by a hornet for 1 turns
 13986 | D:10     | Paralysed by a hornet for 3 turns
 14108 | D:10     | Noticed a two-headed ogre
 14256 | D:10     | Killed a two-headed ogre
 14418 | D:10     | Noticed a centaur warrior
 14728 | D:10     | Noticed a wolf spider
 14732 | D:10     | Killed a centaur warrior
 14738 | D:10     | Killed a wolf spider
 14738 | D:10     | Noticed a wolf spider
 14751 | D:10     | Killed a wolf spider
 14983 | D:10     | Noticed an ogre mage
 15021 | D:10     | Paralysed by an ogre mage for 5 turns
 15029 | D:10     | Killed an ogre mage
 15325 | D:10     | Reached skill level 7 in Spellcasting
 15325 | D:10     | Reached XP level 12. HP: 89/89 MP: 18/22
 15563 | D:11     | Noticed a boulder beetle
 15665 | D:11     | Learned a level 3 spell: Vampiric Draining
 15959 | D:11     | Killed a boulder beetle
 16585 | D:12     | Reached *** piety under Sif Muna
 16586 | D:12     | Reached skill level 1 in Necromancy
 16616 | D:12     | Acquired 1084 gold pieces
 16657 | D:12     | Reached skill level 1 in Earth Magic
 16799 | D:12     | Reached skill level 1 in Air Magic
 16799 | D:12     | Reached skill level 1 in Poison Magic
 16944 | D:12     | Found a blossoming altar of Fedhas.
 17257 | D:12     | Noticed Nergalle
 17341 | D:12     | Killed Nergalle
 17342 | D:12     | Reached skill level 5 in Invocations
 17833 | D:12     | Noticed a two-headed ogre
 17836 | D:12     | Killed a two-headed ogre
 17904 | D:12     | Noticed a boulder beetle
 17924 | D:12     | Killed a boulder beetle
 18737 | D:13     | Noticed a seven-headed hydra
 19052 | D:13     | Noticed a centaur warrior
 19057 | D:13     | Killed a centaur warrior
 19142 | D:13     | You fall into a shaft and drop 1 floor!
 19168 | D:14     | Found a broken altar of Ashenzari.
 19503 | D:14     | Found an iron altar of Okawaru.
 19556 | D:14     | Noticed a centaur warrior
 19587 | D:14     | Killed a centaur warrior
 19588 | D:14     | Reached XP level 13. HP: 72/96 MP: 2/24
 20167 | D:13     | Found a gate to the Vaults.
 20246 | D:12     | Learned a level 3 spell: Tukima's Dance
 20360 | D:12     | Learned a level 3 spell: Inner Flame
 20752 | D:13     | Reached skill level 8 in Spellcasting
 21097 | D:14     | Reached **** piety under Sif Muna
 21765 | D:15     | Entered Level 15 of the Dungeon
 22504 | D:14     | Reached skill level 1 in Fire Magic
 22653 | Abyss:3  | Noticed an ettin
 22653 | Abyss:3  | Noticed an ettin
 22653 | Abyss:3  | Noticed an ettin
 22653 | Abyss:3  | Cast into level 3 of the Abyss (a wizard)
 22657 | Abyss:3  | Killed an ettin
 22658 | Abyss:3  | Reached skill level 1 in Hexes
 22658 | Abyss:3  | Noticed an ettin
 22661 | Abyss:3  | HP: 1/96 [ettin/+0 giant club of distortion (14)]
 22665 | Abyss:3  | Demolished by a shadow wraith

Illustrated notes

Levels and vault maps discovered:
D:1:      dpeg_arrival_oval, layout_basic
D:2:      layout_rooms, shapermc_ecumenical_altar_hornbeckon
D:3:      layout_basic, grunt_gozag_breadcrumbs, kiku_gazebo_garden_becter,
          serial_shops, nicolae_shop_advertising_works
          [nicolae_subvault_shop_adworks], uniq_robin, uniq_ijyb
D:4:      layout_rooms, portal_sewer_entry_d, uniq_duvessa, uniq_pikel,
          uniq_eustachio, uniq_edmund
D:5:      layout_gridville, kennysheep_little_box, grunt_ashenzari_visionary
          [grunt_ashenzari_visionary_shoals, grunt_ashenzari_visionary_snake],
          temple_doors_cd, serial_shops, shop
D:6:      layout_basic, mainiacjoe_overflow_catwalk, chequers_jeans,
          roderic_roman_lattice, uniq_menkaure
D:7:      layout_cave_pools, enter_bailey_6, uniq_prince_ribbit1
D:8:      layout_basic, uniq_maggie, uniq_grum, uniq_gastronok
D:9:      layout_loops_corners, zin_purify, orc_0_dummy,
          nicolae_diode_intersection
D:10:     minmay_the_grid_net [minmay_the_grid_square_x,
          minmay_the_grid_broken_lines, minmay_the_grid_diamond_grid,
          minmay_the_grid_paths, minmay_the_grid_garden,
          minmay_the_grid_prize_four_corners], layout_basic,
          mainiacjoe_overflow_chevrons
D:11:     layout_loops_ring
D:12:     layout_roguey, fedhas_bush_and_centaur_altar, uniq_nergalle
D:13:     layout_long_grid, david_vaults_5
D:14:     layout_long_grid, serial_glass, glass_columns_a, glass_columns_b,
          okawaru_trees_2, cheibrodos_ashenzari_chains
D:15:     grunt_enter_depths_magical_seal, layout_basic, hex_tiny,
          amcnicky_mini_pool_small, minivault_4
Temple:   hellmonk_temple_of_storms
Abyss:3:  base: D:6, evilmike_abyss_rune_ettins

Skill      XL: |  1  2  3  4  5  6  7  8  9 10 11 12 13 |
---------------+----------------------------------------+-----
Translocations | 1 2 3 4 5 6 7 |  7.3
Stealth        | 2 |  2.1
Dodging        | 2 3 4 5 6 7 |  7.4
Conjurations   | 2 3 4 5 6 7 |  7.9
Fighting       | 1 2 3 4 5 6 7 |  7.5
Armour         | 1 2 3 4 5 6 7 |  7.1
Summonings     | 2 3 4 5 6 7 |  7.9
Shields        | 1 2 3 4 5 |  5.2
Spellcasting   | 4 5 6 7 8 |  8.4
Invocations    | 1 4 5 6 |  6.7
Short Blades   | 2 4 |  4.5
Necromancy     | 2 3 |  3.7
Earth Magic    | 2 3 |  3.1
Air Magic      | 2 3 |  3.2
Poison Magic   | 2 3 |  3.2
Fire Magic     | 1 |  1.1
Hexes          | 1 |  1.0

Action                   |  1- 3 |  4- 6 |  7- 9 | 10-12 | 13-15 || total
-------------------------+-------+-------+-------+-------+-------++-------
Melee: Dagger            |    51 |   196 |    26 |   352 |   152 ||   777
       Touch             |       |    22 |    20 |   109 |    40 ||   191
       Punch             |       |     1 |     2 |     7 |     2 ||    12
       Dire flail        |       |       |    63 |       |       ||    63
       Staff             |       |       |    44 |    57 |       ||   101
 Fire: Shortbow          |       |       |       |       |    10 ||    10
 Cast: Magic Dart        |    65 |   150 |   255 |   169 |    11 ||   650
       Call Imp          |       |    11 |    33 |    59 |    16 ||   119
       Blink             |       |       |     3 |    13 |     5 ||    21
       Mephitic Cloud    |       |       |     5 |    31 |       ||    36
       Stone Arrow       |       |       |       |   115 |    53 ||   168
       Manifold Assault  |       |       |       |     6 |     1 ||     7
       Vampiric Draining |       |       |       |    10 |    15 ||    25
       Inner Flame       |       |       |       |       |    19 ||    19
       Tukima's Dance    |       |       |       |       |     6 ||     6
Evoke: Piece from Xom's  |       |       |       |     5 |       ||     5
       Box of beasts     |       |       |       |       |     1 ||     1
       Phantom mirror    |       |       |       |       |     1 ||     1
  Use: Scroll            |       |     7 |     7 |    10 |     6 ||    30
       Potion            |       |       |     2 |     5 |     3 ||    10
 Stab: Paralysed         |     9 |    34 |    85 |    77 |    30 ||   235
       Confused          |       |       |     1 |     4 |       ||     5
       Petrified         |       |       |       |     5 |       ||     5
       Sleeping          |       |       |       |     2 |       ||     2
Armor: Robe              |    11 |       |       |       |       ||    11
       Leather armour    |       |    64 |    51 |    48 |       ||   163
       Swamp dragon scal |       |       |       |    61 |       ||    61
       Troll leather arm |       |       |       |   122 |    61 ||   183
Dodge: Dodged            |    43 |   115 |   105 |   306 |    98 ||   667
Block: Buckler           |     5 |    11 |       |       |       ||    16
